 Dungeon Crawl Stone Soup version 0.23-a0-139-ga22e90c45f (webtiles) character file.

27 PikkenKukken the Skirmisher (level 2, -4/24 HPs)
             Began as a Demonspawn Fighter on Aug 30, 2018.
             Slain by a gnoll
             ... wielding a +0 halberd
              (6 damage)
             ... on level 2 of the Dungeon.
             The game lasted 00:01:33 (509 turns).

PikkenKukken the Skirmisher (Demonspawn Fighter)     Turns: 509, Time: 00:01:34

Health: -4/24      AC:  8    Str: 21    XL:     2   Next: 93%
Magic:  2/2        EV:  7    Int:  9    God:
Gold:   64         SH:  9    Dex: 12    Spells: 1/1 levels left

rFire    . . .     SeeInvis .   a - +0 rapier
rCold    . . .     Gourm    .   c - +0 shield
rNeg     . . .     Faith    .   b - +0 scale mail
rPois    .         Spirit   .   (no helmet)
rElec    .         Reflect  .   (no cloak)
rCorr    .         Harm     .   (no gloves)
MR       .....                  (no boots)
Stlth    ..........             (no amulet)
HPRegen  0.08/turn              (no ring)
MPRegen  0.08/turn              (no ring)

@: mighty
A: iridescent scales 1
a: no special abilities


You were on level 2 of the Dungeon.
You were not hungry.

You visited 1 branch of the dungeon, and saw 2 of its levels.

You collected 64 gold pieces.

Inventory:

Hand Weapons
 a - a +0 rapier (weapon)
Armour
 b - a +0 scale mail (worn)
 c - a +0 shield (worn)
Scrolls
 h - a scroll of remove curse
Potions
 e - a potion of agility
 i - a potion of heal wounds {unknown}
 j - a potion of brilliance {unknown}
Comestibles
 f - a ration
 g - 2 chunks of flesh


   Skills:
 + Level 3.2 Fighting
 * Level 2.4 Short Blades
 + Level 2.9 Armour
 + Level 2.9 Shields


You had one spell level left.
You didn't know any spells.
Your spell library was empty.

Dungeon Overview and Level Annotations

Branches:
Dungeon (2/15)

Altars:


Innate Abilities, Weirdness & Mutations

You are partially covered in iridescent scales. (AC +2)


Message History

The gnoll hits you.
* * * LOW HITPOINT WARNING * * *
You are too injured to fight recklessly!
You are too injured to fight recklessly!
You are too injured to fight recklessly!
Unknown command.
You are too injured to fight recklessly!
Unknown command.
Your shield and scale mail prevent you from hitting the gnoll.
The gnoll barely misses you. You block the gnoll's attack.
The gnoll hits you but does no damage.
Your shield prevents you from hitting the gnoll.
The gnoll barely misses you. The gnoll hits you but does no damage.
The gnoll hits you.
* * * LOW HITPOINT WARNING * * *
You puncture the gnoll!
You kill the gnoll!
The gnoll hits you but does no damage.
The gnoll hits you from afar with a halberd.
You die...

...........# ##
...........# ..
...........##.#
..............#
...........####
#####....(..<#
########.####.#.#
............#.#.#
#########@#.#.#.#
########.# #.#.#
.......gg# #.#..
.......?.# #.###
.........# #..
........## ###
........#
........#
........#


You could see 2 gnolls.

Vanquished Creatures
  A gnoll (D:2)
  A dart slug (D:1)
  3 bats
  2 goblins (D:1)
  4 hobgoblins (D:1)
  4 frilled lizards
  A rat (D:1)
16 creatures vanquished.

Notes
Turn   | Place    | Note
-------+----------+-------------------------------------------
     0 | D:1      | PikkenKukken the Demonspawn Fighter began the quest for the
                  | Orb.
     0 | D:1      | Reached XP level 1. HP: 18/18 MP: 1/1
    59 | D:1      | Gained mutation: You are partially covered in iridescent
                  | scales. (AC +2) [demonic ancestry]
    59 | D:1      | Reached XP level 2. HP: 24/24 MP: 2/2
   508 | D:2      | HP: 1/24 [gnoll (5)]
   509 | D:2      | Slain by a gnoll

Vault maps used:
D:1:      dpeg_arrival_castle, st_stairs_9, minmay_misc_feat_square,
          minmay_close_crescents
D:2:      zin_treasury, first_ration

Skill      XL: |  1 |
---------------+----+-----
Short Blades   | 2 |  2.4
Fighting       | |  3.2
Armour         | |  2.9
Shields        | |  2.9

Action                   || total
-------------------------++-------
Melee: Rapier            ||    53
  Use: Scroll            ||     4
       Potion            ||     1
Armor: Scale mail        ||    25
Dodge: Dodged            ||    12
Block: Shield            ||    21

Table legend:
 A = Non-vault XP
 B = Vault XP
 C = Vault XP percentage of total XP
 D = Non-vault monster count
 E = Vault monster count
 F = Vault count percentage of total count
                 A         B        C        D         E       F
            +---------+---------+-------+---------+---------+-------
      Total |      33 |       6 |  15.4 |      12 |       4 |  25.0
            +---------+---------+-------+---------+---------+-------
        D:1 |      17 |       6 |  26.1 |       9 |       4 |  30.8
        D:2 |      16 |       0 |   0.0 |       3 |       0 |   0.0
            +---------+---------+-------+---------+---------+-------
